TOP OF THE 1ST |
National League All-Stars batting - Pitching for American League All-Stars : RHP Tyler Bach
|
Pitching: RHP Tyler Bach
|
|
Batting: LHB Bill McGregor
|
0-0: Ball 1-0: Ball 2-0: Fly out, F9 (Flyball, 9, EV 78.8 MPH)
|
Batting: SHB Roger Holmes
|
0-0: Swinging Strike 0-1: Ball 1-1: Ball 2-1: Foul Ball, location: 2F 2-2: Ball 3-2: Base on Balls
|
Batting: LHB David Moore
|
0-0: Ball 1-0: Ball 2-0: Ball 3-0: Base on Balls Roger Holmes to second
|
Batting: RHB John Boyer
|
0-0: Ball 1-0: Ball 2-0: Called Strike 2-1: Called Strike 2-2: Strikes out swinging
|
Batting: LHB Mitchell Casey
|
0-0: Called Strike 0-1: Ground out U3 (Groundball, 34, EV 103.8 MPH)
|
Top of the 1st over - 0 runs, 0 hits, 0 errors, 2 left on base; National League 0 - American League 0 |
BOTTOM OF THE 1ST |
American League All-Stars batting - Pitching for National League All-Stars : RHP Ruben Arana
|
Pitching: RHP Ruben Arana
|
|
Batting: LHB Joel Vera
|
0-0: Ball 1-0: Ball 2-0: SINGLE (Flyball, 7LS, EV 84.4 MPH)
|
Batting: RHB Bobby Melillo
|
0-0: Ball 1-0: Ball 2-0: Ball 3-0: Called Strike 3-1: Called Strike 3-2: Base on Balls Joel Vera to second
|
Batting: RHB Jordan Fairburn
|
0-0: Called Strike Joel Vera steals 3rd base 0-1: Ball 1-1: Foul Ball, location: 2F 1-2: Foul Ball, location: 2F 1-2: Ball 2-2: Ball 3-2: Foul Ball, location: 2F 3-2: Strikes out swinging
|
Batting: SHB Victor Ruiz
|
0-0: Called Strike 0-1: Foul Ball, location: 2F 0-2: Foul Ball, location: 2F 0-2: Foul Ball, location: 2F 0-2: Ball Bobby Melillo is caught stealing 2nd base 2-6 1-2: Ball 2-2: Foul Ball, location: 2F 2-2: 2-RUN HOME RUN (Line Drive, 7D, EV 108.8 MPH), Distance : 395 ft
|
Batting: LHB Walter Vegter
|
0-0: Ball 1-0: Ball 2-0: Ball 3-0: Called Strike 3-1: Called Strike 3-2: Ground out 4-3 (Groundball, 4, EV 108.1 MPH)
|
Bottom of the 1st over - 2 runs, 2 hits, 0 errors, 0 left on base; National League 0 - American League 2 |
TOP OF THE 2ND |
National League All-Stars batting - Pitching for American League All-Stars : RHP Tyler Bach
|
Pitching: LHP Andy Huguet
|
|
Batting: RHB Jon Monteith
|
0-0: Swinging Strike 0-1: Swinging Strike 0-2: Foul Ball, location: 2F 0-2: Ball 1-2: Ball 2-2: Ball 3-2: Strikes out swinging
|
Batting: RHB Kyle Holland
|
0-0: Foul Ball, location: 2F 0-1: Foul Ball, location: 2F 0-2: Strikes out swinging
|
Batting: SHB Gabriel Cruz
|
0-0: Foul Ball, location: 2F 0-1: Ball 1-1: Foul Ball, location: 2F 1-2: Ball 2-2: Strikes out swinging
|
Top of the 2nd over - 0 runs, 0 hits, 0 errors, 0 left on base; National League 0 - American League 2 |
BOTTOM OF THE 2ND |
American League All-Stars batting - Pitching for National League All-Stars : RHP Ruben Arana
|
Pitching: RHP Scott Gillis
|
|
Batting: RHB Vic Lucatero
|
0-0: Ball 1-0: SOLO HOME RUN (Flyball, 89XD, EV 104.4 MPH), Distance : 403 ft
|
Batting: SHB Joe Fure
|
0-0: Called Strike 0-1: Swinging Strike 0-2: Strikes out swinging
|
Batting: RHB Johannes Gutermuth
|
0-0: Ball 1-0: Fly out, F8 (Flyball, 8LM, EV 86.3 MPH)
|
Batting: RHB Mike Strey
|
0-0: Fly out, F9 (Flyball, 9LM, EV 96.3 MPH)
|
Bottom of the 2nd over - 1 run, 1 hit, 0 errors, 0 left on base; National League 0 - American League 3 |
TOP OF THE 3RD |
National League All-Stars batting - Pitching for American League All-Stars : LHP Andy Huguet
|
Pitching: LHP Ryan Folks
|
|
Batting: SHB Darius Vinson
|
0-0: Ball 1-0: Fly out, F6 (Line Drive, 6, EV 73.8 MPH)
|
Batting: LHB Bill McGregor
|
0-0: Swinging Strike 0-1: DOUBLE (Line Drive, 78M, EV 96.3 MPH)
|
Batting: SHB Roger Holmes
|
0-0: Ball Bill McGregor steals 3rd base 1-0: Called Strike 1-1: Swinging Strike 1-2: Ball 2-2: Ball 3-2: Strikes out swinging
|
Batting: LHB David Moore
|
0-0: Called Strike 0-1: Called Strike 0-2: Ball 1-2: Ball 2-2: Foul Ball, location: 2F 2-2: Ball 3-2: Ground out 6-3 (Groundball, 6, EV 77.5 MPH)
|
Top of the 3rd over - 0 runs, 1 hit, 0 errors, 1 left on base; National League 0 - American League 3 |
BOTTOM OF THE 3RD |
American League All-Stars batting - Pitching for National League All-Stars : RHP Scott Gillis
|
Pitching: LHP Ryan Tatum
|
|
Batting: LHB Joel Vera
|
0-0: Foul Ball, location: 2F 0-1: Foul Ball, location: 2F 0-2: Fly out, F6 (Popup, 6M, EV 58.1 MPH)
|
Batting: RHB Bobby Melillo
|
0-0: Ball 1-0: Foul Ball, location: 2F 1-1: Ball 2-1: Ball 3-1: Base on Balls
|
Batting: RHB Jordan Fairburn
|
0-0: Called Strike 0-1: Foul Ball, location: 2F 0-2: Strikes out swinging
|
Batting: SHB Victor Ruiz
|
0-0: Ball 1-0: Called Strike Bobby Melillo steals 2nd base 1-1: Foul Ball, location: 2F 1-2: Strikes out swinging
|
Bottom of the 3rd over - 0 runs, 0 hits, 0 errors, 1 left on base; National League 0 - American League 3 |
TOP OF THE 4TH |
National League All-Stars batting - Pitching for American League All-Stars : LHP Ryan Folks
|
Pitching: RHP Andy Gibson
|
|
Batting: RHB John Boyer
|
0-0: Called Strike 0-1: Ball 1-1: Ball 2-1: Ball 3-1: Swinging Strike 3-2: Foul Ball, location: 2F 3-2: SINGLE (Groundball, 6MD, EV 98.8 MPH)
|
Batting: LHB Mitchell Casey
|
0-0: Ball 1-0: Called Strike 1-1: Ball 2-1: Foul Ball, location: 2F 2-2: Strikes out swinging
|
Batting: RHB Jon Monteith
|
0-0: Called Strike 0-1: Foul Ball, location: 2F 0-2: Ball 1-2: Ball 2-2: Fielders Choice at 2nd, 3-6 (Groundball, 3S, EV 90.0 MPH)
|
Batting: RHB Kyle Holland
|
0-0: Ball 1-0: Foul Ball, location: 2F 1-1: Ground out 4-3 (Groundball, 13, EV 89.4 MPH)
|
Top of the 4th over - 0 runs, 1 hit, 0 errors, 1 left on base; National League 0 - American League 3 |
BOTTOM OF THE 4TH |
American League All-Stars batting - Pitching for National League All-Stars : LHP Ryan Tatum
|
Pitching: LHP Brian Rich
|
|
Batting: LHB Walter Vegter
|
0-0: SOLO HOME RUN (Flyball, 78XD, EV 100.0 MPH), Distance : 418 ft
|
Batting: RHB Vic Lucatero
|
0-0: Called Strike 0-1: Swinging Strike 0-2: Ball 1-2: Foul Ball, location: 2F 1-2: Ball 2-2: DOUBLE (Line Drive, 5D, EV 96.9 MPH)
|
Batting: SHB Joe Fure
|
0-0: Ball 1-0: Ball 2-0: Ball 3-0: Base on Balls
|
Batting: RHB Johannes Gutermuth
|
0-0: Swinging Strike 0-1: Ball 1-1: SINGLE (Groundball, 34S, EV 61.9 MPH) (infield hit) Vic Lucatero to third Joe Fure to second
|
Batting: RHB Mike Strey
|
0-0: Ball 1-0: Called Strike 1-1: Foul Ball, location: 2F 1-2: Ball 2-2: Ball 3-2: Strikes out swinging
|
Batting: LHB Joel Vera
|
0-0: Ball 1-0: Called Strike 1-1: Foul Ball, location: 2F 1-2: Foul Ball, location: 2F 1-2: Strikes out swinging
|
Batting: RHB Bobby Melillo
|
0-0: Called Strike 0-1: Fly out, F6 (Line Drive, 6M, EV 79.4 MPH)
|
Bottom of the 4th over - 1 run, 3 hits, 0 errors, 3 left on base; National League 0 - American League 4 |
TOP OF THE 5TH |
National League All-Stars batting - Pitching for American League All-Stars : RHP Andy Gibson
|
Pitching: LHP Jon Moore
|
|
Batting: SHB Gabriel Cruz
|
0-0: Ball 1-0: Called Strike 1-1: Hit by Pitch
|
Batting: SHB Darius Vinson
|
0-0: Called Strike 0-1: Ball 1-1: Fly out, F5 (Popup, 25, EV 84.4 MPH)
|
Batting: LHB Bill McGregor
|
0-0: Called Strike 0-1: Ball 1-1: Called Strike 1-2: Strikes out looking
|
Pinch Hitting: SHB Evan Armagost
|
0-0: Ball 1-0: Called Strike Gabriel Cruz steals 2nd base 1-1: Swinging Strike 1-2: Foul Ball, location: 2F 1-2: Ball Passed Ball! Gabriel Cruz to third 2-2: Foul Ball, location: 2F 2-2: Ball 3-2: DOUBLE (Line Drive, 89M, EV 88.8 MPH) Gabriel Cruz scores
|
Batting: LHB Gabe Harvey
|
0-0: Called Strike 0-1: Foul Ball, location: 2F 0-2: SINGLE (Line Drive, 7S, EV 105.6 MPH) Evan Armagost to third
|
Pinch Hitting: RHB Ernesto Zamora
|
0-0: Ball 1-0: Called Strike 1-1: Ball 2-1: Ball 3-1: Foul Ball, location: 2F 3-2: Foul Ball, location: 2F 3-2: Base on Balls Gabe Harvey to second
|
Batting: LHB Mitchell Casey
|
0-0: Foul Ball, location: 2F 0-1: Swinging Strike 0-2: Ball 1-2: Ball 2-2: Foul Ball, location: 2F 2-2: Strikes out swinging
|
Top of the 5th over - 1 run, 2 hits, 0 errors, 3 left on base; National League 1 - American League 4 |
BOTTOM OF THE 5TH |
American League All-Stars batting - Pitching for National League All-Stars : LHP Brian Rich
|
Pitching: RHP Omar Vinson
|
|
Now at 2B: Evan Armagost
|
|
Now at 3B: Ernesto Zamora
|
|
Pinch Hitting: RHB Roberto Tena
|
0-0: Ball 1-0: Called Strike 1-1: Called Strike 1-2: Ground out 6-3 (Groundball, 6, EV 79.4 MPH)
|
Pinch Hitting: RHB Wil Urban
|
0-0: Ball 1-0: Ball 2-0: Ball 3-0: Called Strike 3-1: Base on Balls
|
Pinch Hitting: SHB Dan Morataya
|
0-0: Ball 1-0: Called Strike 1-1: Ball 2-1: Foul Ball, location: 2F 2-2: 2-RUN HOME RUN (Flyball, 89XD, EV 105.0 MPH), Distance : 396 ft
|
Pinch Hitting: LHB Tomoya Hashimoto
|
0-0: Ball 1-0: Ground out 4-3 (Groundball, 34D, EV 104.4 MPH)
|
Batting: SHB Joe Fure
|
0-0: Ball 1-0: Ball 2-0: SINGLE (Groundball, 4D, EV 106.3 MPH)
|
Batting: RHB Johannes Gutermuth
|
0-0: Called Strike 0-1: Ball 1-1: Ball 2-1: Fielders Choice at 2nd, 5-4 (Groundball, 56, EV 86.9 MPH)
|
Bottom of the 5th over - 2 runs, 2 hits, 0 errors, 1 left on base; National League 1 - American League 6 |
TOP OF THE 6TH |
National League All-Stars batting - Pitching for American League All-Stars : LHP Jon Moore
|
Now at 1B: Wil Urban
|
|
Now at SS: Roberto Tena
|
|
Now in LF: Tomoya Hashimoto
|
|
Now in RF: Dan Morataya
|
|
Batting: RHB Jon Monteith
|
0-0: Called Strike 0-1: Foul Ball, location: 2F 0-2: Ball 1-2: Ball 2-2: Ground out 4-3 (Groundball, 4D, EV 86.3 MPH)
|
Pitching: LHP Jonathan Daniels
|
|
Batting: RHB Kyle Holland
|
0-0: Ball 1-0: Foul Ball, location: 2F 1-1: Ball 2-1: Ball 3-1: Called Strike 3-2: DOUBLE (Line Drive, 78M, EV 93.1 MPH)
|
Pinch Hitting: RHB Kevin Ezell
|
0-0: Called Strike 0-1: Called Strike 0-2: Ball 1-2: Strikes out looking
|
Batting: SHB Darius Vinson
|
0-0: Called Strike 0-1: Called Strike 0-2: Ball 1-2: Strikes out swinging
|
Top of the 6th over - 0 runs, 1 hit, 0 errors, 1 left on base; National League 1 - American League 6 |
BOTTOM OF THE 6TH |
American League All-Stars batting - Pitching for National League All-Stars : RHP Omar Vinson
|
Pitching: RHP Travis Hardin
|
|
Now at C: Kevin Ezell
|
|
Pinch Hitting: RHB Mike Gifford
|
0-0: Ground out 5-3 (Groundball, 15, EV 80.0 MPH)
|
Batting: LHB Joel Vera
|
0-0: Ground out 3-1 (Groundball, 34, EV 83.8 MPH)
|
Batting: RHB Bobby Melillo
|
0-0: Ball 1-0: Foul Ball, location: 2F 1-1: Ball 2-1: Ball 3-1: Base on Balls
|
Batting: RHB Roberto Tena
|
0-0: Called Strike Bobby Melillo steals 2nd base (no throw) 0-1: Swinging Strike 0-2: Ball Wild Pitch! Bobby Melillo to third 1-2: Strikes out swinging
|
Bottom of the 6th over - 0 runs, 0 hits, 0 errors, 1 left on base; National League 1 - American League 6 |
TOP OF THE 7TH |
National League All-Stars batting - Pitching for American League All-Stars : LHP Jonathan Daniels
|
Now at C: Mike Gifford
|
|
Batting: LHB Bill McGregor
|
0-0: Ball 1-0: Called Strike 1-1: Ball 2-1: Foul Ball, location: 2F 2-2: Strikes out swinging
|
Pitching: RHP Bill Kaiser
|
|
Batting: SHB Evan Armagost
|
0-0: Ball 1-0: Called Strike 1-1: Ball 2-1: Foul Ball, location: 2F 2-2: Strikes out looking
|
Batting: LHB Gabe Harvey
|
0-0: Ball 1-0: Swinging Strike 1-1: Ball 2-1: Ball 3-1: Base on Balls
|
Batting: RHB Ernesto Zamora
|
0-0: Called Strike 0-1: Ball 1-1: Ball 2-1: SINGLE (Line Drive, 7S, EV 96.3 MPH) Gabe Harvey to second
|
Pitching: RHP Eric Bessire
|
|
Batting: LHB Mitchell Casey
|
0-0: Called Strike 0-1: Ball 1-1: Swinging Strike 1-2: Ball 2-2: Foul Ball, location: 2F 2-2: Strikes out swinging
|
Top of the 7th over - 0 runs, 1 hit, 0 errors, 2 left on base; National League 1 - American League 6 |
BOTTOM OF THE 7TH |
American League All-Stars batting - Pitching for National League All-Stars : RHP Travis Hardin
|
Pitching: RHP Sean Fowler
|
|
Batting: RHB Wil Urban
|
0-0: Swinging Strike 0-1: Called Strike 0-2: Foul Ball, location: 2F 0-2: Strikes out looking
|
Batting: SHB Dan Morataya
|
0-0: Ball 1-0: DOUBLE (Line Drive, 89M, EV 108.1 MPH)
|
Batting: LHB Tomoya Hashimoto
|
0-0: Swinging Strike 0-1: Ball 1-1: Foul Ball, location: 2F 1-2: Foul Ball, location: 2F 1-2: Ground out U3 (Groundball, 34S, EV 88.1 MPH) Dan Morataya to third
|
Batting: SHB Joe Fure
|
0-0: Called Strike 0-1: Foul Ball, location: 2F 0-2: Ball 1-2: Ball 2-2: Ball 3-2: Ground out U3 (Groundball, 34, EV 97.5 MPH)
|
Bottom of the 7th over - 0 runs, 1 hit, 0 errors, 1 left on base; National League 1 - American League 6 |
TOP OF THE 8TH |
National League All-Stars batting - Pitching for American League All-Stars : RHP Eric Bessire
|
Batting: RHB Jon Monteith
|
0-0: Called Strike 0-1: Ball 1-1: Ball 2-1: Ground out 5-3 (Groundball, 56, EV 100.0 MPH)
|
Batting: RHB Kyle Holland
|
0-0: Ball 1-0: Fly out, F8 (Line Drive, 8LD, EV 109.4 MPH)
|
Batting: RHB Kevin Ezell
|
0-0: SINGLE (Flyball, 6MD, EV 93.8 MPH)
|
Pinch Hitting: RHB Hector Maldonado
|
0-0: Called Strike 0-1: Foul Ball, location: 2F 0-2: Ball 1-2: Fielders Choice at 2nd, 6-4 (Groundball, 6, EV 101.3 MPH)
|
Top of the 8th over - 0 runs, 1 hit, 0 errors, 1 left on base; National League 1 - American League 6 |
BOTTOM OF THE 8TH |
American League All-Stars batting - Pitching for National League All-Stars : RHP Sean Fowler
|
Now in LF: Hector Maldonado
|
|
Batting: RHB Johannes Gutermuth
|
0-0: Called Strike 0-1: Ball 1-1: Ball 2-1: Foul Ball, location: 2F 2-2: Ground out 4-3 (Groundball, 34, EV 86.3 MPH)
|
Pitching: RHP Jorge Gallegos
|
|
Batting: RHB Mike Gifford
|
0-0: Ball 1-0: Ball 2-0: SOLO HOME RUN (Flyball, 78XD, EV 103.8 MPH), Distance : 413 ft
|
Batting: LHB Joel Vera
|
0-0: Foul Ball, location: 2F 0-1: Called Strike 0-2: Ball 1-2: Ball 2-2: SOLO HOME RUN (Flyball, 89XD, EV 101.9 MPH), Distance : 401 ft
|
Batting: RHB Bobby Melillo
|
0-0: Swinging Strike 0-1: SINGLE (Groundball, 56S, EV 70.0 MPH) (infield hit)
|
Batting: RHB Roberto Tena
|
0-0: Ball 1-0: Swinging Strike 1-1: Ball 2-1: Swinging Strike 2-2: Grounds into double play, 5-4-3 (Groundball, 56, EV 78.8 MPH)
|
Bottom of the 8th over - 2 runs, 3 hits, 0 errors, 0 left on base; National League 1 - American League 8 |
TOP OF THE 9TH |
National League All-Stars batting - Pitching for American League All-Stars : RHP Eric Bessire
|
Batting: LHB Bill McGregor
|
0-0: Ball 1-0: Ball 2-0: Ball 3-0: Called Strike 3-1: Base on Balls
|
Batting: SHB Evan Armagost
|
0-0: Called Strike 0-1: Called Strike 0-2: Ground out 5-3 (Groundball, 56S, EV 66.9 MPH) Bill McGregor to second
|
Batting: LHB Gabe Harvey
|
0-0: Ground out 4-3 (Groundball, 4, EV 88.8 MPH) Bill McGregor to third
|
Batting: RHB Ernesto Zamora
|
0-0: Ball 1-0: Foul Ball, location: 2F 1-1: Fly out, F5 (Line Drive, 5, EV 66.9 MPH)
|
Top of the 9th over - 0 runs, 0 hits, 0 errors, 1 left on base; National League 1 - American League 8 |
|